 Dungeon Crawl Stone Soup version 0.18.1-6-gd335043 (webtiles) character file.

238 GFox the Chiller (level 5, -4/28 HPs)
             Began as a Deep Elf Ice Elementalist on May 18, 2016.
             Killed by divine providence
             ... invoked by an orc priest
              (12 damage)
             ... on level 3 of the Dungeon.
             The game lasted 00:44:22 (4016 turns).

GFox the Chiller (Deep Elf Ice Elementalist)        Turns: 4016, Time: 00:44:22

Health: -4/28      AC:  7    Str:  5      XL:     5   Next: 78%
Magic:  0/14       EV: 14    Int: 20 (21) God:
Gold:   146        SH:  0    Dex: 14 (15) Spells: 4 memorised, 3 levels left

rFire  . . .     SeeInvis .     m - +1 dagger (vamp)
rCold  . . .     Gourm    .     a - +0 robe
rNeg   + . .     Faith    .     (no shield)
rPois  .         Spirit   .     d - +2 hat
rElec  .         Dismiss  .     j - +2 cloak
rCorr  .         Reflect  .     (no gloves)
SustAt .         Harm     .     (no boots)
MR     .....                    (no amulet)
Stlth  ++........               (no ring)
                                p - ring of positive energy

@: very slightly contaminated, not resistant to hostile enchantments, unstealthy
A: no striking features
a: no special abilities


You were on level 3 of the Dungeon.
You were not hungry.

You visited 1 branch of the dungeon, and saw 3 of its levels.
You also visited: Sewer.

You collected 146 gold pieces.

Inventory:

Hand Weapons
 m - a +1 vampiric dagger (weapon)
Armour
 a - a +0 robe (worn)
 d - a +2 hat (worn)
 j - a +2 cloak (worn)
Jewellery
 p - a ring of positive energy (left hand)
Wands
 c - a wand of lightning (15/15)
Scrolls
 e - 2 scrolls of remove curse
 f - a scroll of recharging
 h - 6 scrolls of identify
 k - a scroll of fog {unknown}
 l - 2 scrolls of teleportation
Potions
 i - a potion of mutation {unknown}
Books
 b - a book of Frost

   Spells                             Type                      Level
   a - Freeze                         Ice                          1
   b - Throw Frost                    Conjuration/Ice              2
   c - Ozocubu's Armour               Charms/Ice                   3
   d - Throw Icicle                   Conjuration/Ice              4
   e - Summon Ice Beast               Ice/Summoning                4
Comestibles
 g - 7 chunks of flesh
 o - 2 bread rations


   Skills:
 + Level 0.1 Fighting
 + Level 0.6 Short Blades
 + Level 3.9 Dodging
 + Level 3.4 Stealth
 + Level 4.7 Spellcasting
 + Level 1.7 Conjurations
 + Level 1.1 Charms
 + Level 4.8 Ice Magic


You had 3 spell levels left.
You knew the following spells:

 Your Spells              Type           Power        Failure   Level  Hunger
a - Freeze                Ice            ###.         1%          1    None
b - Throw Frost           Conj/Ice       ###...       6%          2    #......
c - Ozocubu's Armour      Chrm/Ice       ###.....     12%         3    ##.....
d - Throw Icicle          Conj/Ice       ###.....     38%         4    ####...


Dungeon Overview and Level Annotations

Branches:
Dungeon (3/15)

Altars:
Ashenzari
Cheibriados


Message History

The orc priest looks braver for a moment.
Things that are here:
a dagger; an orc corpse You butcher the orc corpse.
The orc priest calls down the wrath of Beogh upon you.
Beogh smites you!
* * * LOW HITPOINT WARNING * * *
Things that are here:
a dagger; a chunk of flesh; an orc skeleton
g - 7 chunks of flesh (gained 1)
The orc priest hits you but does no damage.
Casting: Throw Frost
Confirm with . or Enter, or press ? or * to list all spells.
Aiming: Throw Frost
Press: ? - help, Shift-Dir - straight line, f - orc wizard
Aim: an orc wizard, wielding a dagger and wearing a robe The puff of frost misses the orc wizard.
The orc priest mumbles some strange prayers to Beogh against you.
Beogh smites you!
You die...

#
#.#.....####....#######.#....#.
# #.#....... #.........
..#.(.... # #.#.####.#
##.#########.#..#.## #
#.#.#..#.####....o.....<#..#.##
#
#.#.#............oo............
#
#....>.......)....o............
#
###.#..#.o..###########......##
# #.#..#.#o############.......#
# #.#.....).o.@)..............#
# #.#.####.############.......#
#####.#......# #.......#
......########.. #..S....#
#........# #.# #...(...#
#.######.# #.# #.......# #.#
#####.#####. #..r....# #.#
#.........#. .......
#.######+#.........#.


You could see an orc priest and an orc wizard.

Vanquished Creatures
  2 orc wizards (D:3)
  5 adders (D:2)
  4 oozes (Sewer)
  6 worms
  A dart slug (D:2)
  4 giant geckos
  6 orcs (D:3)
  4 ball pythons
  13 bats
  6 giant cockroaches
  11 goblins
  9 hobgoblins
  3 jackals (D:1)
  2 quokkas
  7 giant newts
  7 kobolds
  8 rats
98 creatures vanquished.

Notes
Turn   | Place    | Note
--------------------------------------------------------------
     0 | D:1      | GFox the Deep Elf Ice Elementalist began the quest for the Orb.
     0 | D:1      | Reached XP level 1. HP: 10/10 MP: 6/6
   305 | D:1      | Reached XP level 2. HP: 7/15 MP: 4/8
   807 | D:1      | Reached XP level 3. HP: 19/19 MP: 7/9
   814 | D:1      | Learned a level 2 spell: Throw Frost
   818 | D:1      | Learned a level 3 spell: Ozocubu's Armour
  1999 | D:2      | Found a shattered altar of Ashenzari.
  2002 | D:2      | Reached XP level 4. HP: 24/24 MP: 11/11
  3088 | D:3      | Found a glowing drain.
  3092 | Sewer    | Entered a sewer
  3198 | Sewer    | Learned a level 4 spell: Throw Icicle
  3260 | Sewer    | Reached XP level 5. HP: 28/28 MP: 1/13
  3283 | Sewer    | Reached skill level 1 in Charms
  3815 | D:3      | Found a snail-covered altar of Cheibriados.
  4016 | D:3      | Killed from afar by an orc priest

Skill      XL: |  1  2  3  4  5 |
---------------+----------------+-----
Stealth        | 3 |  3.4
Ice Magic      | 4 |  4.8
Spellcasting   | 4 |  4.7
Dodging        | 3 |  3.9
Charms         | 1 |  1.1
Fighting       | |  0.1
Short Blades   | |  0.6
Conjurations   | |  1.7

Action                   |  1- 3 |  4- 6 || total
-------------------------+-------+-------++-------
Melee: Short sword       |     5 |       ||     5
       Dagger            |    18 |    74 ||    92
 Cast: Freeze            |    55 |    38 ||    93
       Throw Frost       |     8 |    21 ||    29
       Ozocubu's Armour  |     6 |     2 ||     8
       Throw Icicle      |       |     5 ||     5
  Use: Scroll            |       |     8 ||     8
       Potion            |       |     7 ||     7
 Stab: Sleeping          |     5 |     3 ||     8
       Distracted        |       |     1 ||     1
  Eat: Bread ration      |     2 |       ||     2
       Chunk             |       |     7 ||     7
       Pizza             |       |     1 ||     1
Armor: Robe              |    15 |    48 ||    63
Dodge: Dodged            |    42 |   125 ||   167
